 Dungeon Crawl Stone Soup version 0.21.1-1-g345015fe64 (webtiles) character file.

238 Kholdaimon the Charmwright (level 6, -3/50 HPs)
             Began as a Gnoll Skald on June 17, 2018.
             Slain by a worm (9 damage)
             ... on level 2 of the Dungeon.
             The game lasted 00:19:00 (1762 turns).

Kholdaimon the Charmwright (Gnoll Skald)            Turns: 1762, Time: 00:19:01

Health: -3/50      AC:  3    Str: 16    XL:     6   Next: 7%
Magic:  13/13      EV: 14    Int: 15    God:
Gold:   202        SH:  0    Dex: 14    Spells: 14/15 levels left

rFire    . . .     SeeInvis .   a - +0 hand axe
rCold    . . .     Gourm    .   (no shield)
rNeg     . . .     Faith    .   b - +0 leather armour
rPois    .         Spirit   .   (no helmet)
rElec    .         Reflect  .   (no cloak)
rCorr    .         Harm     .   (no gloves)
MR       .....                  (no boots)
Stlth    ++........             (no amulet)
HPRegen  0.16/turn              (no ring)
MPRegen  0.13/turn              (no ring)

@: lethally poisoned (-3 -> -5)
A: distributed training, fangs 1, strong nose
a: no special abilities


You were on level 2 of the Dungeon.
You were hungry.

You visited 1 branch of the dungeon, and saw 2 of its levels.

You collected 202 gold pieces.

Inventory:

Hand Weapons
 a - a +0 hand axe (weapon)
 l - a +0 hunting sling
Missiles
 g - 9 stones (quivered)
 p - 8 javelins of returning
 w - 4 javelins
Armour
 b - a +0 leather armour (worn)
 i - a +0 chain mail
Jewellery
 m - a +2 ring of strength {unknown}
Scrolls
 e - a scroll of fog {unknown}
 j - a scroll of random uselessness {unknown}
 k - a scroll of immolation {unknown}
 o - a scroll of enchant weapon {unknown}
 r - 3 scrolls of identify {unknown}
 u - a scroll of remove curse {unknown}
 v - a scroll of enchant armour {unknown}
Potions
 h - a potion of lignification {unknown}
 n - 4 potions of mutation {unknown}
 q - a potion of brilliance {unknown}
 s - a potion of magic {unknown}
 t - 3 potions of curing {unknown}
Books
 c - a book of Battle

   Spells                             Type                      Level
   a - Infusion                       Charms                       1
   b - Shroud of Golubria             Charms/Translocation         2
   c - Song of Slaying                Charms                       2
   d - Spectral Weapon                Hexes/Charms                 3
   e - Regeneration                   Charms/Necromancy            3
Comestibles
 d - 5 rations


   Skills:
 + Level 4.9 Fighting
 + Level 1.7 Short Blades
 + Level 1.7 Long Blades
 + Level 4.9 Axes
 + Level 1.7 Maces & Flails
 + Level 1.7 Polearms
 + Level 1.7 Staves
 + Level 1.7 Slings
 + Level 1.7 Bows
 + Level 1.7 Crossbows
 + Level 1.7 Throwing
 + Level 3.1 Armour
 + Level 4.9 Dodging
 + Level 1.7 Stealth
 + Level 1.7 Shields
 + Level 1.7 Unarmed Combat
 + Level 5.3 Spellcasting
 + Level 1.3 Conjurations
 + Level 1.3 Hexes
 + Level 5.6 Charms
 + Level 1.3 Summonings
 + Level 1.3 Necromancy
 + Level 1.3 Translocations
 + Level 1.3 Transmutations
 + Level 1.3 Fire Magic
 + Level 1.3 Ice Magic
 + Level 1.3 Air Magic
 + Level 1.3 Earth Magic
 + Level 1.3 Poison Magic
 + Level 2.0 Invocations
 + Level 1.7 Evocations


You had 14 spell levels left.
You knew the following spells:

 Your Spells              Type           Power        Failure   Level  Hunger
a - Infusion              Chrm           ###.         1%          1    None


Dungeon Overview and Level Annotations

Branches:
Dungeon (2/15)

Altars:


Innate Abilities, Weirdness & Mutations

Your experience applies equally to all skills.
You have very sharp teeth.
Your uncanny sense of smell can sniff out nearby items.


Message History

The worm is heavily wounded.
The worm misses you.
You barely miss the worm.
The worm is moderately wounded.
You feel sick.
You hit the worm.
The worm is heavily wounded.
The worm barely misses you.
You barely miss the worm. You bite the worm, but do no damage.
The worm is moderately wounded.
You feel sick. The worm misses you.
You hit the worm. You bite the worm, but do no damage.
The worm is severely wounded.
You barely miss the worm.
The worm is severely wounded.
You feel sick. The worm barely misses you.
You hit the worm.
The worm is almost dead.
The worm bites you!
You die...

>.##.##.# #≈≈...≈≈# #..# ###.####
..##.##.# #≈≈...≈≈# #..# ........
..##.##.# #≈≈...≈≈# #..# ###.####
..##.##.# #≈≈...≈≈# #.####
..##.##.# #≈≈...≈≈# #.. #.....
..##.##.# #≈≈...≈≈# #..#####.....
..##.##.# #≈≈...≈≈# #.....#######
.....##.# #≈.....≈# #.....#......
..#..##.# #.....@.# #.....#.#####
..#..##<# ##...w.## #.....#.###..
..#..##.######.######............
#.#............)................#
#.#.....#......(....#.....#......
..#.....####.##.#...##....#.##..#
#.#.....#.......#...##...)#.##...
#.#.....#.##.####...##..###.##..#
#.#.....#.##.....................


You could see a worm.

Vanquished Creatures
  Sigmund (D:2)
  A gnoll (D:1)
  2 adders (D:2)
  3 dart slugs
  A leopard gecko (D:1)
  4 giant cockroaches
  4 goblins
  4 hobgoblins
  4 jackals (D:2)
  2 quokkas (D:2)
  5 bats
  A frilled lizard (D:1)
  10 kobolds
  8 rats
50 creatures vanquished.

Notes
Turn   | Place    | Note
-------+----------+-------------------------------------------
     0 | D:1      | Kholdaimon the Gnoll Skald began the quest for the Orb.
     0 | D:1      | Reached XP level 1. HP: 20/20 MP: 6/6
   111 | D:1      | Reached XP level 2. HP: 20/26 MP: 4/7
   406 | D:1      | Reached XP level 3. HP: 30/31 MP: 9/9
   463 | D:1      | Reached skill level 5 in Spellcasting
  1025 | D:2      | Reached skill level 1 in Invocations
  1160 | D:2      | Reached skill level 1 in Short Blades
  1160 | D:2      | Reached skill level 1 in Long Blades
  1160 | D:2      | Reached skill level 1 in Maces & Flails
  1160 | D:2      | Reached skill level 1 in Polearms
  1160 | D:2      | Reached skill level 1 in Staves
  1160 | D:2      | Reached skill level 1 in Slings
  1160 | D:2      | Reached skill level 1 in Bows
  1160 | D:2      | Reached skill level 1 in Crossbows
  1160 | D:2      | Reached skill level 1 in Throwing
  1160 | D:2      | Reached skill level 1 in Stealth
  1160 | D:2      | Reached skill level 1 in Shields
  1160 | D:2      | Reached skill level 1 in Unarmed Combat
  1160 | D:2      | Reached skill level 1 in Evocations
  1194 | D:2      | Reached XP level 4. HP: 36/38 MP: 11/11
  1391 | D:2      | Noticed Sigmund
  1745 | D:2      | Killed Sigmund
  1745 | D:2      | Reached skill level 1 in Conjurations
  1745 | D:2      | Reached skill level 1 in Hexes
  1745 | D:2      | Reached skill level 1 in Summonings
  1745 | D:2      | Reached skill level 1 in Necromancy
  1745 | D:2      | Reached skill level 1 in Translocations
  1745 | D:2      | Reached skill level 1 in Transmutations
  1745 | D:2      | Reached skill level 1 in Fire Magic
  1745 | D:2      | Reached skill level 1 in Ice Magic
  1745 | D:2      | Reached skill level 1 in Air Magic
  1745 | D:2      | Reached skill level 1 in Earth Magic
  1745 | D:2      | Reached skill level 1 in Poison Magic
  1745 | D:2      | Reached XP level 5. HP: 23/43 MP: 12/12
  1745 | D:2      | Reached XP level 6. HP: 27/50 MP: 13/13
  1762 | D:2      | Slain by a worm

Skill      XL: |  1  2  3  4 |
---------------+-------------+-----
Spellcasting   | 5 |  5.3
Invocations    | 1 2 |  2.0
Short Blades   | 1 |  1.7
Long Blades    | 1 |  1.7
Maces & Flails | 1 |  1.7
Polearms       | 1 |  1.7
Staves         | 1 |  1.7
Slings         | 1 |  1.7
Bows           | 1 |  1.7
Crossbows      | 1 |  1.7
Throwing       | 1 |  1.7
Stealth        | 1 |  1.7
Shields        | 1 |  1.7
Unarmed Combat | 1 |  1.7
Evocations     | 1 |  1.7
Armour         | 3 |  3.1
Conjurations   | 1 |  1.3
Hexes          | 1 |  1.3
Summonings     | 1 |  1.3
Necromancy     | 1 |  1.3
Translocations | 1 |  1.3
Transmutations | 1 |  1.3
Fire Magic     | 1 |  1.3
Ice Magic      | 1 |  1.3
Air Magic      | 1 |  1.3
Earth Magic    | 1 |  1.3
Poison Magic   | 1 |  1.3
Fighting       | |  4.9
Axes           | |  4.9
Dodging        | |  4.9
Charms         | |  5.6

Action                   |  1- 3 |  4- 6 || total
-------------------------+-------+-------++-------
Melee: Hand axe          |   109 |    64 ||   173
       Bite              |    13 |    11 ||    24
       Punch             |       |     1 ||     1
 Fire: Hunting sling     |     8 |       ||     8
Throw: Stone             |     3 |       ||     3
       Javelin           |     3 |       ||     3
       Throwing net      |       |     1 ||     1
 Cast: Infusion          |     2 |       ||     2
 Stab: Sleeping          |     1 |       ||     1
  Eat: Chunk             |     1 |     1 ||     2
Armor: Leather armour    |    24 |     8 ||    32
Dodge: Dodged            |    96 |    45 ||   141
